 Dungeon Sprint DCSS version 0.20-a0-689-g860b9ab (webtiles) character file.

1481 Kidiri the Thaumaturge (level 8, -3/49 HPs)
             Began as a Deep Elf Fire Elementalist on Feb 19, 2017.
             Was a Priest of Vehumet.
             Killed from afar by Erolcha (9 damage)
             ... with an orb of energy
             ... while paralysed by Erolcha
             ... in the Dungeon (Sprint III: "The Ten Rune Challenge").
             The game lasted 00:06:27 (1266 turns).

Kidiri the Thaumaturge (Deep Elf Fire Elementalist) Turns: 1266, Time: 00:06:28

Health: -3/49      AC:  2    Str:  5    XL:     8   Next: 50%
Magic:  18/26      EV:  2    Int: 23    God:    Vehumet [***...]
Gold:   33         SH:  0    Dex: 15    Spells: 7/31 levels left

rFire    . . .     SeeInvis .   j - +0 dagger
rCold    . . .     Gourm    .   a - +0 robe
rNeg     . . .     Faith    .   (no shield)
rPois    .         Spirit   .   (no helmet)
rElec    .         Reflect  .   (no cloak)
rCorr    .         Harm     .   (no gloves)
MR       .....     NoTele   +   (no boots)
Stlth    ++........             (no amulet)
Regen    0.2/turn               (no ring)
MPRegen  0.2/turn               (no ring)

@: paralysed
A: deterioration 1
a: Renounce Religion


You were in the Dungeon.
You worshipped Vehumet.
Vehumet was most pleased with you.
You were not hungry.

You visited 1 branch You collected 33 gold pieces.

Inventory:

Hand Weapons
 j - a +0 dagger (weapon)
Armour
 a - a +0 robe (worn)
Wands
 t - a wand of random effects (19/48)
Scrolls
 i - a scroll of blinking
 l - a scroll of holy word
 n - 2 scrolls of remove curse {unknown}
 p - a scroll of immolation {unknown}
Potions
 d - 2 potions of curing
 e - 2 potions of heal wounds
 f - 2 potions of haste
 g - 2 potions of magic
 h - a potion of berserk rage
 q - a potion of flight
Books
 b - a book of Flames

   Spells                             Type                      Level
   a - Flame Tongue                   Conjuration/Fire             1
   b - Throw Flame                    Conjuration/Fire             2
   c - Conjure Flame                  Conjuration/Fire             3
   d - Inner Flame                    Hexes/Fire                   3
   e - Sticky Flame                   Conjuration/Fire             4
   f - Fireball                       Conjuration/Fire             5
 k - a book of Minor Magic

   Spells                             Type                      Level
   a - Magic Dart                     Conjuration                  1
   b - Blink                          Translocation                2
   c - Call Imp                       Summoning                    2
   d - Slow                           Hexes                        2
   e - Conjure Flame                  Conjuration/Fire             3
   f - Mephitic Cloud                 Conjuration/Poison/Air       3
Comestibles
 c - a bread ration
 o - 2 meat rations
 r - a royal jelly


   Skills:
 + Level 5.3 Fighting
 + Level 5.1 Short Blades
 + Level 5.3 Armour
 + Level 8.2 Dodging
 - Level 2.4 Stealth
 * Level 12.2 Spellcasting
 + Level 7.3 Conjurations
 + Level 7.9 Fire Magic
 + Level 2.5 Ice Magic
 + Level 2.9 Air Magic
 + Level 3.5 Poison Magic
 + Level 2.1 Evocations


You had 7 spell levels left.
You knew the following spells:

 Your Spells              Type           Power        Failure   Level  Hunger
a - Flame Tongue          Conj/Fire      #####        1%          1    None
b - Throw Flame           Conj/Fire      #####.       1%          2    None
c - Conjure Flame         Conj/Fire      #####...     1%          3    None
d - Inner Flame           Hex/Fire       ####....     1%          3    None
e - Sticky Flame          Conj/Fire      #####...     1%          4    None
f - Fireball              Conj/Fire      #####.....   2%          5    ###....
g - Mephitic Cloud        Conj/Pois/Air  #####...     1%          3    None
h - Freeze                Ice            ####         1%          1    None
i - Searing Ray           Conj           #####.       1%          2    None


Dungeon Overview and Level Annotations

Branches:
Dungeon (1/1)

Altars:
Cheibriados
Dithmenos
Elyvilon
Fedhas
Gozag
Hepliaklqana
Kikubaaqudgha
Makhleb
Nemelex Xobeh
Okawaru
Qazlal
Ru
Sif Muna
Trog
Uskayaw
Vehumet
Xom
Yredelemnul
Zin
The Shining One
Beogh
Jiyva
Lugonu

Annotations:
D Erolcha


Innate Abilities, Weirdness & Mutations

Your body sometimes deteriorates upon taking damage.


Message History

Casting: Flame Tongue
Confirm with . or Enter, or press ? or * to list all spells.
Aiming: Flame Tongue
Press: ? - help, Shift-Dir - straight line, f - two-headed ogre
Aim: a two-headed ogre, wielding two giant clubs (moderately wounded)
The flame tongue hits the two-headed ogre.
The two-headed ogre is moderately wounded.
You hear some strange, mumbled words.
An orb of energy appears from out of thin air!
The orb of energy hits you!
* * * LOW HITPOINT WARNING * * *
The orb of energy explodes!
You hear some strange, mumbled words.
You hear some strange, mumbled words.
You suddenly lose the ability to move!
Something hits you but does no damage.
You hear some strange, mumbled words.
An orb of energy appears from out of thin air!
Helpless, you fail to dodge the orb of energy.
You die...

__[#__# __)#[_#
+###+## ......#
......# #####'#
__#...#+##############
__#...#....#.#.#...O.#
__#...##)#).#.##@###.#
__#...'##)#.#.##.#..##
__+...#...#..#..##.O
▓▓▓▓▓▓▓▓▓▓▓▓▓▓▓▓▓▓▓▓


You could see a two-headed ogre.

Vanquished Creatures
  A deep elf mage (D)
  A shadow (D)
  A spatial vortex (D)
  A necrophage (D)
  3 two-headed ogres (D)
  A water elemental (D)
  A jelly (D)
  A wizard (D)
  Jessica (D)
  A necromancer (D)
  A kobold demonologist (D)
  3 humans (D)
  A wolf (D)
  3 rats (D)
20 creatures vanquished.

Vanquished Creatures (others)
  2 draconian scorchers (D)
  6 hellions (D)
  A yaktaur (D)
9 creatures vanquished.

Grand Total: 29 creatures vanquished

Notes
Turn   | Place    | Note
-------+----------+-------------------------------------------
     0 | D        | Kidiri the Deep Elf Fire Elementalist began the quest for the Orb.
     0 | D        | Reached XP level 1. HP: 10/10 MP: 6/6
    22 | D        | Noticed Jessica
    24 | D        | Killed Jessica
    24 | D        | Reached skill level 1 in Fighting
    24 | D        | Reached skill level 1 in Armour
    24 | D        | Reached skill level 5 in Spellcasting
    24 | D        | Reached XP level 2. HP: 16/16 MP: 5/10
    28 | D        | Learned a level 2 spell: Throw Flame
    85 | D        | Killed a hellion
    90 | D        | Killed a hellion
    91 | D        | Killed a hellion
    98 | D        | Reached XP level 3. HP: 21/21 MP: 1/12
   103 | D        | Learned a level 3 spell: Conjure Flame
   107 | D        | Learned a level 3 spell: Inner Flame
   125 | D        | Killed a hellion
   125 | D        | Killed a hellion
   133 | D        | Killed a hellion
   175 | D        | Killed a white draconian scorcher
   184 | D        | Reached skill level 6 in Spellcasting
   184 | D        | Killed a yaktaur
   203 | D        | Gained mutation: You are resistant to hostile enchantments. (MR+) [potion of mutation]
   203 | D        | Gained mutation: Your muscles are strong. (Str +2) [potion of mutation]
   203 | D        | Gained mutation: You possess an exceptional clarity of mind. [potion of mutation]
   204 | D        | Lost mutation: You are resistant to hostile enchantments. (MR+) [potion of mutation]
   204 | D        | Lost mutation: Your muscles are strong. (Str +2) [potion of mutation]
   204 | D        | Lost mutation: You possess an exceptional clarity of mind. [potion of mutation]
   204 | D        | Gained mutation: You are frail. (-10% HP) [potion of mutation]
   204 | D        | Gained mutation: You are partially covered in yellow scales. (AC +2) [potion of mutation]
   205 | D        | Lost mutation: You are frail. (-10% HP) [potion of mutation]
   205 | D        | Lost mutation: You are partially covered in yellow scales. (AC +2) [potion of mutation]
   205 | D        | Gained mutation: You have a pair of small horns on your head. [potion of mutation]
   205 | D        | Gained mutation: Scrolls take you a little longer to read. [potion of mutation]
   205 | D        | Gained mutation: Your flesh is cold resistant. (rC+) [potion of mutation]
   206 | D        | Lost mutation: You have a pair of small horns on your head. [potion of mutation]
   206 | D        | Lost mutation: Scrolls take you a little longer to read. [potion of mutation]
   206 | D        | Lost mutation: Your flesh is cold resistant. (rC+) [potion of mutation]
   206 | D        | Gained mutation: You have a somewhat thin skeletal structure. (Dex +2, Stealth) [potion of mutation]
   206 | D        | Gained mutation: You evolve. [potion of mutation]
   207 | D        | Lost mutation: You have a somewhat thin skeletal structure. (Dex +2, Stealth) [potion of mutation]
   207 | D        | Lost mutation: You evolve. [potion of mutation]
   207 | D        | Gained mutation: Your body sometimes deteriorates upon taking damage. [potion of mutation]
   207 | D        | Gained mutation: You are frail. (-10% HP) [potion of mutation]
   207 | D        | Lost mutation: You are frail. (-10% HP) [potion of mutation]
   227 | D        | Killed a white draconian scorcher
   255 | D        | Noticed a water elemental
   259 | D        | Killed a water elemental
   259 | D        | Reached skill level 7 in Spellcasting
   259 | D        | Reached skill level 5 in Fire Magic
   259 | D        | Reached XP level 4. HP: 27/27 MP: 6/15
   326 | D        | Found a radiant altar of Vehumet.
   332 | D        | Learned a level 4 spell: Sticky Flame
   332 | D        | Found a deep blue altar of Sif Muna.
   332 | D        | Found an ancient bone altar of Kikubaaqudgha.
   332 | D        | Noticed a wizard
   334 | D        | Killed a wizard
   334 | D        | Reached skill level 5 in Dodging
   334 | D        | Reached XP level 5. HP: 12/32 MP: 7/17
   349 | D        | Became a worshipper of Vehumet
   356 | D        | Learned a level 5 spell: Fireball
   556 | D        | Found a glowing silver altar of Zin.
   557 | D        | Found a glowing golden altar of the Shining One.
   557 | D        | Found a white marble altar of Elyvilon.
   557 | D        | Noticed a deep elf mage
   568 | D        | Killed a deep elf mage
   568 | D        | Reached skill level 10 in Spellcasting
   568 | D        | Reached XP level 6. HP: 29/39 MP: 14/21
   568 | D        | Reached XP level 7. HP: 33/44 MP: 15/23
   573 | D        | Learned a level 3 spell: Mephitic Cloud
   643 | D        | Found a hide-covered altar of Uskayaw.
   643 | D        | Found a roughly hewn altar of Beogh.
   643 | D        | Found an iron altar of Okawaru.
   643 | D        | Found a bloodstained altar of Trog.
   643 | D        | Noticed a human
   645 | D        | Noticed a human
   650 | D        | Killed a human
   650 | D        | Reached skill level 11 in Spellcasting
   650 | D        | Reached skill level 1 in Air Magic
   650 | D        | Reached skill level 1 in Poison Magic
   663 | D        | Killed a human
   663 | D        | Reached * piety under Vehumet
   663 | D        | Offered knowledge of Freeze by Vehumet.
   666 | D        | Learned a level 1 spell: Freeze
   760 | D        | Found a basalt altar of Yredelemnul.
   760 | D        | Found a shadowy altar of Dithmenos.
   760 | D        | Found a sacrificial altar of Ru.
   821 | D        | Noticed a shadow
   825 | D        | Offered knowledge of Searing Ray by Vehumet.
   825 | D        | Reached ** piety under Vehumet
   825 | D        | Reached skill level 5 in Fighting
   825 | D        | Reached skill level 5 in Armour
   825 | D        | Reached skill level 1 in Ice Magic
   828 | D        | Killed a shadow
   828 | D        | Reached skill level 1 in Evocations
   828 | D        | Reached XP level 8. HP: 49/49 MP: 18/25
   866 | D        | Learned a level 2 spell: Searing Ray
   874 | D        | Found a blossoming altar of Fedhas.
   874 | D        | Found a stormy altar of Qazlal.
   875 | D        | Found a snail-covered altar of Cheibriados.
   875 | D        | Found a burning altar of Makhleb.
   875 | D        | Found a hazy altar of Hepliaklqana.
   875 | D        | Found a shimmering altar of Xom.
   875 | D        | Found an opulent altar of Gozag.
   875 | D        | Found a sparkling altar of Nemelex Xobeh.
   875 | D        | Found a corrupted altar of Lugonu.
   875 | D        | Found a viscous altar of Jiyva.
   891 | D        | Reached skill level 12 in Spellcasting
   983 | D        | Offered knowledge of Static Discharge by Vehumet.
   983 | D        | Reached skill level 5 in Short Blades
   990 | D        | Reached *** piety under Vehumet
  1255 | D        | Noticed a two-headed ogre
  1255 | D        | Noticed Erolcha
  1264 | D        | Paralysed by something for 5 turns
  1266 | D        | Killed from afar by Erolcha

Vault maps used:
D:        dungeon_sprint_mu

Skill      XL: |  1  2  3  4  5  6  7  8 |
---------------+-------------------------+-----
Fighting       | 1 2 4 5 |  5.3
Armour         | 1 2 4 5 |  5.3
Dodging        | 3 4 5 7 8 |  8.2
Spellcasting   | 5 7 10 11 12 | 12.2
Conjurations   | 2 3 4 6 7 |  7.3
Fire Magic     | 4 5 7 |  7.9
Short Blades   | 3 4 5 |  5.1
Air Magic      | 2 |  2.9
Poison Magic   | 2 3 |  3.5
Ice Magic      | 1 2 |  2.5
Evocations     | 1 2 |  2.1
Stealth        | |  2.4

Action                   |  1- 3 |  4- 6 |  7- 9 || total
-------------------------+-------+-------+-------++-------
Melee: Dagger            |       |       |     4 ||     4
 Cast: Flame Tongue      |    18 |     2 |    54 ||    74
       Throw Flame       |     2 |       |     1 ||     3
       Conjure Flame     |     1 |       |     7 ||     8
       Sticky Flame      |       |     3 |     4 ||     7
       Mephitic Cloud    |       |       |     2 ||     2
  Use: Potion            |     5 |       |       ||     5
       Scroll            |     2 |       |       ||     2
  Eat: Chunk             |       |       |     1 ||     1
Armor: Robe              |     2 |       |       ||     2
Dodge: Dodged            |     4 |       |     5 ||     9
